 Dungeon Crawl Stone Soup version 0.24.1-11-gbbbb2193e6 (webtiles) character file.

Game seed: 8189994429267588600, levelgen mode: deterministic

366 raph the Sneak (level 7, 0/44 HPs)
             Began as a Halfling Assassin on May 12, 2020.
             Was a Follower of Cheibriados.
             Shot with an arrow by a centaur (8 damage)
             ... on level 4 of the Dungeon.
             The game lasted 00:12:31 (4130 turns).

raph the Sneak (Halfling Assassin)                  Turns: 4130, Time: 00:12:31

Health: 0/44       AC:  6    Str: 19    XL:     7   Next: 0%
Magic:  7/7        EV: 14    Int: 11    God:    Cheibriados [*.....]
Gold:   287        SH:  0    Dex: 20    Spells: 6/6 levels left

rFire    . . .     SeeInvis .   a - +2 dagger
rCold    . . .     Gourm    .   (shield restricted)
rNeg     + . .     Faith    .   E - +2 leather armour "Pokym" {rPois}
rPois    +         Spirit   .   (no helmet)
rElec    .         Reflect  .   c - +0 cloak
rCorr    .         Harm     .   (no gloves)
MR       .....                  (no boots)
Stlth    ++++......             (no amulet)
HPRegen  0.14/turn              B - ring of poison resistance
MPRegen  0.10/turn              A - ring of positive energy

@: mighty, very slow
A: small, mutation resistance 1
a: Bend Time, Renounce Religion


You were on level 4 of the Dungeon.
You worshipped Cheibriados.
Cheibriados was aware of your devotion.
You were not hungry.

You visited 1 branch of the dungeon, and saw 4 of its levels.

You collected 287 gold pieces.

Inventory:

Hand Weapons
 a - a +2 dagger (weapon)
 b - a +0 hunting sling
Missiles
 d - 9 poisoned darts (quivered)
 e - 2 curare-tipped darts
 g - 137 stones
 x - 5 silver boomerangs
 D - 34 sling bullets
Armour
 c - a +0 cloak (worn)
 h - a +0 robe
 i - a +0 leather armour
 y - a +0 buckler
 E - the +2 leather armour "Pokym" (worn) {rPois}
   (You found it on level 4 of the Dungeon)

   It protects you from poison.
Jewellery
 l - an uncursed ring of wizardry
 m - an uncursed ring of ice
 A - a ring of positive energy (right hand)
 B - a ring of poison resistance (left hand)
Scrolls
 j - 4 scrolls of identify
 n - a scroll of fog {unknown}
 o - 2 scrolls of blinking {unknown}
 q - 2 scrolls of teleportation {unknown}
 v - 2 scrolls of remove curse {unknown}
 z - a scroll of random uselessness {unknown}
 F - a scroll of enchant weapon {unknown}
Potions
 p - 4 potions of curing {unknown}
 r - a potion of ambrosia {unknown}
 t - 2 potions of heal wounds {unknown}
 u - a potion of haste {unknown}
 w - a potion of brilliance {unknown}
 C - a potion of degeneration {unknown}
Comestibles
 f - 9 rations


   Skills:
 + Level 1.9 Fighting
 - Level 5.9 Short Blades
 + Level 1.1(2.2) Slings
 - Level 2.0 Throwing
 - Level 1.1 Dodging
 + Level 7.0 Stealth
 + Level 0.5 Shields


You had 6 spell levels left.
You didn't know any spells.
Your spell library was empty.

Dungeon Overview and Level Annotations

Branches:
Dungeon (4/15)
 Temple: D:4-7

Altars:
Cheibriados
Ru
Yredelemnul
The Shining One


Innate Abilities, Weirdness & Mutations

You are small and have problems with some larger weapons.
You are somewhat resistant to further mutation.


Message History

You see here an arrow.
The centaur shoots an arrow.
The arrow barely misses you. The orc wizard misses you.
The orc wizard closely misses you.
The orc wizard gestures wildly while chanting.
The orc wizard flickers and vanishes!
Deactivating autopickup; reactivate with Ctrl-A.
You hit the quokka.
The quokka is heavily wounded.
The quokka completely misses you.
You hit the quokka.
You kill the quokka!
Cheibriados thoroughly appreciates the change of pace.
You hear some strange, mumbled words.
A puff of flame appears from out of thin air!
The puff of flame misses you.
The centaur shoots an arrow.
The arrow hits you!
* * * LOW HITPOINT WARNING * * *
You feel very mighty all of a sudden.
The centaur shoots an arrow.
The arrow hits you!
You die...

...#..##.# #.# #.# #
#.#..##.###.# #.# .##
#...........###.##...
...####o...................
........(.....####.##..####
..####(#.o#######.###.#
#(#c{............####
#o##†###########.....
.o##@# #.#### #######
#..).. #.#### #.# ##.####
#...... #..#### ######..#
#.......#


You could see a centaur and 2 orcs.

Vanquished Creatures
  Sigmund (D:2)
  2 orc wizards
  A worker ant (D:4)
  2 adders
  A gnoll (D:1)
  3 worms
  3 dart slugs
  2 leopard geckos
  10 orcs
  5 giant cockroaches
  7 goblins
  7 hobgoblins
  9 jackals
  3 quokkas
  10 bats
  2 frilled lizards
  7 kobolds
  14 rats
89 creatures vanquished.

Notes
Turn   | Place    | Note
-------+----------+-------------------------------------------
     0 | D:1      | raph the Halfling Assassin began the quest for the Orb.
     0 | D:1      | Reached XP level 1. HP: 14/14 MP: 1/1
   299 | D:1      | Reached XP level 2. HP: 14/19 MP: 2/2
   493 | D:1      | Reached XP level 3. HP: 14/24 MP: 3/3
   667 | D:1      | Reached skill level 5 in Stealth
  1203 | D:2      | Reached XP level 4. HP: 29/29 MP: 4/4
  1262 | D:2      | Noticed Sigmund
  1302 | D:2      | Killed Sigmund
  1302 | D:2      | Reached skill level 5 in Short Blades
  1302 | D:2      | Reached skill level 6 in Stealth
  1302 | D:2      | Reached XP level 5. HP: 6/34 MP: 5/5
  1302 | D:2      | Reached XP level 6. HP: 6/39 MP: 6/6
  1680 | D:2      | Found a basalt altar of Yredelemnul.
  1887 | D:2      | Found a glowing golden altar of the Shining One.
  2235 | D:2      | Found a sacrificial altar of Ru.
  2630 | D:3      | Found a snail-covered altar of Cheibriados.
  2683 | D:3      | Became a worshipper of Cheibriados the Contemplative
  3709 | D:4      | Got a bronze leather armour
  3721 | D:4      | Identified the +2 leather armour "Pokym" {rPois} (You found
                  | it on level 4 of the Dungeon)
  3795 | D:4      | Reached * piety under Cheibriados
  3795 | D:4      | Reached skill level 7 in Stealth
  4103 | D:4      | Reached skill level 1 in Slings
  4103 | D:4      | Reached XP level 7. HP: 44/44 MP: 7/7
  4130 | D:4      | Shot with an arrow by a centaur

Levels and vault maps discovered:
D:1:      onia_arrival_mini_maze_b, layout_basic, minivault_4, minmay_bisected
D:2:      layout_loops_corners, nicolae_ru_path_of_blood,
          yredelemnul_altar_generic, nicolae_tso_swordbearing_angel,
          uniq_sigmund
D:3:      layout_basic, cheibriados_altar_1, first_ration, minmay_fountain_box,
          minmay_close_crescents
D:4:      layout_loops_ring, grunt_temple_overflow_lords_of_destruction,
          trog_eyes_of_draining, serial_shops, shop, led_sif_book

Skill      XL: |  1  2  3  4  5  6 |
---------------+-------------------+-----
Short Blades   | 3 5 |  5.9
Stealth        | 5 6 7 |  7.0
Slings         | 1 |  1.1
Fighting       | |  1.9
Throwing       | |  2.0
Dodging        | |  1.1
Shields        | |  0.5

Action                   |  1- 3 |  4- 6 |  7- 9 || total
-------------------------+-------+-------+-------++-------
Melee: Dagger            |    93 |   181 |     6 ||   280
       Hunting sling     |       |     2 |       ||     2
 Fire: Hunting sling     |       |    18 |       ||    18
Throw: Dart              |       |    10 |       ||    10
Invok: Bend Time         |       |     1 |       ||     1
  Use: Potion            |       |     1 |     1 ||     2
       Scroll            |       |     1 |       ||     1
 Stab: Sleeping          |     7 |    14 |       ||    21
       Distracted        |       |     1 |       ||     1
  Eat: Chunk             |     1 |     9 |       ||    10
Armor: Robe              |    27 |    11 |       ||    38
       Leather armour    |       |    12 |       ||    12
       Skin              |       |     9 |       ||     9
Dodge: Dodged            |    59 |    77 |    12 ||   148
